 Seeded DCSS version 0.30-a0-916-g9813417 (webtiles) character file.

Game seed: 4000190087412342808 (custom seed)

14 Illumine the Vexing (level 2, 9/16 HPs)
             Began as a Gargoyle Hexslinger on Apr 2, 2023.
             Quit the game on level 1 of the Dungeon on Apr 12, 2023.
             The game lasted 00:02:31 (429 turns).

Illumine the Vexing (Gargoyle Hexslinger)            Turns: 429, Time: 00:02:32

Health: 9/16       AC:  4    Str: 13    XL:     2   Next: 45%
Magic:  3/3        EV: 11    Int: 13    God:
Gold:   37         SH:  0    Dex: 10    Spells: 2/3 levels left

rFire   . . .      SeeInvis .    a - +1 sling
rCold   . . .      Faith    .    (no shield)
rNeg    + . .      Spirit   .    c - +0 robe
rPois   ∞          Reflect  .    (no helmet)
rElec   +          Rampage  .    (no cloak)
rCorr   .                        (no gloves)
Will    .....                    (no boots)
Stlth   +                        (no amulet)
HPRegen 0.22/turn                (no ring)
MPRegen 0.08/turn                (no ring)

@: no status effects
A: sickness immunity, AC +2, negative energy resistance 1, electricity
resistance, torment resistance 1, petrification resistance
a: no special abilities


You were on level 1 of the Dungeon.
You visited 1 branch of the dungeon, and saw 1 of its levels.

You collected 37 gold pieces.

Inventory:

Hand Weapons
 a - a +1 sling (weapon)
Missiles
 e - 6 poisoned darts
Armour
 c - a +0 robe (worn)
Scrolls
 b - a scroll of poison
Potions
 d - 3 potions of degeneration {unknown}
 f - a potion of haste {unknown}
 g - a potion of magic {unknown}
 h - a potion of lignification {unknown}


   Skills:
 - Level 1.1 Fighting
 * Level 2.5 Ranged Weapons
 - Level 1.5 Dodging
 + Level 1.3 Spellcasting
 + Level 2.9 Hexes


You had 2 spell levels left.
You knew the following spells:

 Your Spells              Type           Power      Damage    Failure   Level
a - Slow                  Hex            32%        N/A       9%          1

Your spell library contained the following spells:

 Spells                   Type           Power      Damage    Failure   Level
 Inner Flame              Hex/Fire       4%         N/A       41%         3
 Portal Projectile        Hex/Tloc       8%         N/A       41%         3
 Cause Fear               Hex            4%         N/A       63%         4


Dungeon Overview and Level Annotations

Branches:
Dungeon (1/15)

Altars:

Shops:
D:1 ?


Innate Abilities, Weirdness & Mutations

You are immune to sickness and miasma.
Your stone body is resilient. (AC +2)
You are immune to poison.
You resist negative energy. (rN+)
You are resistant to electric shocks. (rElec)
You are resistant to unholy torment.
You are immune to petrification.


Message History

Aim: a jackal (45% to hit)
You shoot a sling bullet.
The sling bullet closely misses the jackal.
The jackal misses you.
The jackal bites you but does no damage.
The jackal bites you.
Fire: a) +1 sling
Press: ? - help, Shift-Dir - straight line, f/p - jackal
Aim: a jackal (45% to hit)
You shoot a sling bullet. The sling bullet hits the jackal.
The jackal is severely wounded.
The jackal bites you.
The jackal bites you but does no damage. x2
Fire: a) +1 sling
Press: ? - help, Shift-Dir - straight line, f/p - jackal
Aim: a jackal (severely wounded, 45% to hit)
You shoot a sling bullet.
The sling bullet closely misses the jackal.
The jackal bites you. The jackal barely misses you.
The jackal bites you but does no damage.
The jackal barely misses you.
Fire: a) +1 sling
Press: ? - help, Shift-Dir - straight line, f/p - jackal
Aim: a jackal (severely wounded, 45% to hit)
You shoot a sling bullet.
The sling bullet closely misses the jackal.
The jackal barely misses you. The jackal bites you.
The jackal barely misses you. The jackal misses you.
Fire: a) +1 sling
Press: ? - help, Shift-Dir - straight line, f/p - jackal
Aim: a jackal (severely wounded, 45% to hit)
You shoot a sling bullet.
The sling bullet closely misses the jackal.
The jackal bites you but does no damage.
The jackal misses you. x2; The jackal bites you.
Save game and exit?
Welcome back, Illumine the Gargoyle Hexslinger.
Game seed: 4000190087412342808 (custom seed) Press ? for a list of commands and other information.
Are you sure you want to abandon this character and quit the game? (Confirm with "yes".)

##.## #.......# .
....## ######'##
...... ###..####
###.##........ #
##....###†............
######..##.#.####....#
#..........#...#....#
#..............+....#
#..........#..##h...#
#..............@h...#
#######..............#
#..............>.
#...........#####
#...........#
#.............
#.......(..##.#
#..........# .#


You could see 2 jackals.

Vanquished Creatures
  2 endoplasms (D:1)
  A giant cockroach (D:1)
  4 jackals (D:1)
  A kobold (D:1)
  A quokka (D:1)
  2 bats (D:1)
  A frilled lizard (D:1)
12 creatures vanquished.

Notes
Turn   | Place    | Note
-------+----------+-------------------------------------------
     0 | D:1      | Illumine the Gargoyle Hexslinger began the quest for the
                  | Orb.
     0 | D:1      | Reached XP level 1. HP: 12/12 MP: 2/2
   168 | D:1      | Found Roojodgh's Magic Scroll Shoppe.
   200 | D:1      | Reached XP level 2. HP: 16/16 MP: 3/3
   429 | D:1      | Quit the game

Illustrated notes

Levels and vault maps discovered:
D:1:      minmay_arrival_widening_spiral_wide, layout_basic,
          shapermc_ecumenical_altar_mp_highgroup, serial_shops,
          nicolae_square_shop, glass_columns_c

Action                     || total
---------------------------++-------
   Fire: Sling             ||    59
   Cast: Slow              ||     4
 Armour: Robe              ||    30
  Dodge: Dodged            ||    44

Table legend: (Time is in decaauts)
 A = Elapsed time spent in this place.
 B = Non-inter-level travel time spent in this place.
 C = Inter-level travel time spent in this place.
 D = Time resting spent in this place.
 E = Time spent auto-exploring this place.
 F = Levels seen in this place.
 G = Mean time per level.
                   A        B        C        D        E       F      G
               +--------+--------+--------+--------+--------+-----+--------+
         Total |    445 |    445 |      0 |     11 |    308 |   1 |  445.0 |
       Dungeon |    445 |    445 |      0 |     11 |    308 |   1 |  445.0 |
               +--------+--------+--------+--------+--------+-----+--------+

Top non-repeatable levels by time:
     D:1: 445 daAuts
